[Event "ICC tourney 2479 (75 10)"]
[Site "Internet Chess Club"]
[Date "2021.03.28"]
[Round "6"]
[White "GUAN , TSZ YEUNG:DanielGuan"]
[Black "McQuillin, Danil Alsandair:DanilMcQuillin"]
[Result "1/2-1/2"]
[ICCResult "Game drawn because neither player has mating material"]
[WhiteElo "1280"]
[BlackElo "1193"]
[Opening "QGD: exchange, positional line"]
[ECO "D35"]
[NIC "QP.08"]
[Time "19:01:34"]
[PlyCount "178"]
[TimeControl "4500+10"]

1. d4 d5 2. c4 e6 3. cxd5 exd5 4. Nc3 Nf6 5. Bg5 Be7 6. e3 O-O 7. Nf3 c6 8.
Be2 h6 9. Bh4 Bf5 10. O-O Nbd7 11. a3 Re8 12. b4 Ne4 13. Nxe4 Bxe4 14. Bxe7
Rxe7 15. Nd2 Nf6 16. Nxe4 Nxe4 17. Qd3 b5 18. Rac1 Qb6 19. Rc2 Rc7 20. Rfc1
Nd6 21. Qb3 a5 22. bxa5 Rxa5 23. Qb4 Nb7 24. Bf3 Ra4 25. Qb2 b4 26. Bxd5
Rxa3 27. Rxc6 Rxc6 28. Bxc6 Nd6 29. d5 Qa5 30. h3 Rc3 31. Ra1 Qc5 32. Qb1
f5 33. Qb2 b3 34. Ba4 Ne4 35. Bxb3 Kf8 36. Qa3 Qxa3 37. Rxa3 Nd2 38. Ra8+
Ke7 39. d6+ Kf6 40. h4 Rd3 41. Bc2 Rxd6 42. Rf8+ Ke7 43. Rxf5 Nc4 44. Rc5
Nb6 45. Rc7+ Kf6 46. Be4 Ke5 47. Bf3 g5 48. hxg5 hxg5 49. Rc6 Rxc6 50. Bxc6
Nc8 51. Kh2 Ne7 52. Bf3 Ng8 53. Kg3 Nf6 54. Bb7 Kf5 55. e4+ Ke5 56. Bd5 Kd4
57. Kh3 Kd3 58. Bc6 Kd4 59. g3 Ke5 60. f3 Kd4 61. f4 gxf4 62. gxf4 Ke3 63.
f5 Kf4 64. Kh4 Ke5 65. Kg5 Nh7+ 66. Kg6 Nf6 67. Bd5 Nd7 68. Kf7 Nf6 69. Bc6
Ng4 70. Ba8 Nf6 71. Bd5 Ng4 72. Kg7 Nf6 73. Be6 Ng4 74. Kg6 Nf6 75. Kg5
Nh7+ 76. Kh6 Nf6 77. Bc8 Ng4+ 78. Kg5 Nf6 79. Bb7 Nh7+ 80. Kg4 Nf6+ 81. Kg5
Nh7+ 82. Kg6 Nf6 83. Bd5 Nd7 84. Be6 Nf6 85. Bf7 Nd7 86. Be8 Nf6 87. Bc6
Ng4 88. f6 Nxf6 89. Kg5 Nxe4+ { Game drawn because neither player has
mating material } 1/2-1/2